 Dungeon Crawl Stone Soup version 0.26-a0-812-g31a745ddcd (webtiles) character file.

Game seed: 5718387975846494629

55 polelong the Magician (level 3, -5/26 HPs)
             Began as a Gnoll Hedge Wizard on Dec 8, 2020.
             Slain by a scorpion (6 damage)
             ... on level 4 of the Dungeon.
             The game lasted 00:10:28 (1193 turns).

polelong the Magician (Gnoll Hedge Wizard)          Turns: 1193, Time: 00:10:28

Health: -5/26      AC:  3    Str: 12    XL:     3   Next: 93%
Magic:  3/11       EV: 14    Int: 17    God:
Gold:   60         SH:  0    Dex: 14    Spells: 9/16 levels left

rFire    . . .     SeeInvis .   a - +0 dagger
rCold    . . .     Faith    .   (no shield)
rNeg     . . .     Spirit   .   b - +0 robe
rPois    .         Reflect  .   c - +0 hat
rElec    .         Harm     .   (no cloak)
rCorr    .         Rampage  .   f - +0 pair of gloves
MR       .....                  (no boots)
Stlth    +++.......             (no amulet)
HPRegen  0.08/turn              (no ring)
MPRegen  0.12/turn              (no ring)

@: lethally poisoned (-5 -> -19)
A: distributed training, fangs 1, strong nose
a: no special abilities


You were on level 4 of the Dungeon.
You visited 1 branch of the dungeon, and saw 3 of its levels.

You collected 60 gold pieces.

Inventory:

Hand Weapons
 a - a +0 dagger (weapon)
 e - a +0 club
Armour
 b - a +0 robe (worn)
 c - a +0 hat (worn)
 f - a +0 pair of gloves (worn)
Potions
 d - a potion of heal wounds {unknown}


   Skills:
 + Level 1.0 Fighting
 + Level 1.0 Short Blades
 + Level 1.0 Long Blades
 + Level 1.0 Axes
 + Level 1.0 Maces & Flails
 + Level 1.0 Polearms
 + Level 1.0 Staves
 + Level 1.0 Slings
 + Level 1.0 Bows
 + Level 1.0 Crossbows
 + Level 1.0 Throwing
 + Level 1.0 Armour
 + Level 4.6 Dodging
 + Level 4.2 Stealth
 + Level 1.0 Shields
 + Level 1.0 Unarmed Combat
 + Level 7.1 Spellcasting
 + Level 2.1 Conjurations
 + Level 0.7 Hexes
 + Level 2.1 Summonings
 + Level 0.7 Necromancy
 + Level 2.1 Translocations
 + Level 0.7 Transmutations
 + Level 0.7 Fire Magic
 + Level 0.7 Ice Magic
 + Level 0.7 Air Magic
 + Level 0.7 Earth Magic
 + Level 0.7 Poison Magic
 + Level 1.0 Invocations
 + Level 1.0 Evocations


You had 9 spell levels left.
You knew the following spells:

 Your Spells              Type           Power        Failure   Level
a - Magic Dart            Conj           ##..         4%          1
b - Blink                 Tloc           N/A          7%          2
c - Slow                  Hex            #.......     13%         2
d - Call Imp              Summ           ##......     7%          2

Your spell library contained the following spells:

 Spells                   Type           Power        Failure   Level
 Conjure Flame            Conj/Fire      ##......     19%         3
 Mephitic Cloud           Conj/Pois/Air  ##......     22%         3


Dungeon Overview and Level Annotations

Branches:
Dungeon (2/15)

Altars:


Innate Abilities, Weirdness & Mutations

Your experience applies equally to all skills.
You have very sharp teeth.
Your uncanny sense of smell can sniff out nearby items.


Message History

* * * LOW HITPOINT WARNING * * *
You feel sick.
The scorpion stings you but does no damage.
You hit the scorpion but do no damage.
The scorpion is lightly wounded.
* * * LOW HITPOINT WARNING * * *
You feel sick.
Your crimson imp hits the scorpion but does no damage.
The scorpion misses you.
You hit the scorpion but do no damage.
The scorpion is lightly wounded.
* * * LOW HITPOINT WARNING * * *
You feel sick.
Your crimson imp hits the scorpion but does no damage.
The scorpion barely misses you.
You hit the scorpion but do no damage.
The scorpion is lightly wounded.
* * * LOW HITPOINT WARNING * * *
You feel sick.
Your crimson imp hits the scorpion.
The scorpion stings you.
You die...

..# #.# ## #.## ..>
#ยง.# .... # #..###
s.... ..##
###....##......
....#####...##..5......
#......#.5.######......
#...@s### #.... ###..##
... #..# . #..# ##.##
#..# #..# ##.## #..#


You could see a scorpion and a friendly crimson imp (summoned).

Vanquished Creatures
  A worker ant (D:4)
  2 oozes (D:1)
  2 dart slugs (D:1)
  2 bats (D:1)
  3 kobolds (D:1)
  2 frilled lizards (D:1)
  3 goblins
  A rat (D:1)
16 creatures vanquished.

Vanquished Creatures (collateral kills)
  A dart slug (D:1)
  A goblin (D:1)
2 creatures vanquished.

Grand Total: 18 creatures vanquished

Notes
Turn   | Place    | Note
-------+----------+-------------------------------------------
     0 | D:1      | polelong the Gnoll Hedge Wizard began the quest for the
                  | Orb.
     0 | D:1      | Reached XP level 1. HP: 13/13 MP: 8/8
    45 | D:1      | Reached XP level 2. HP: 19/19 MP: 0/10
   485 | D:1      | Learned a level 2 spell: Blink
   488 | D:1      | Learned a level 2 spell: Slow
   491 | D:1      | Learned a level 2 spell: Call Imp
   601 | D:1      | Reached XP level 3. HP: 25/25 MP: 6/11
   846 | D:1      | You fall into a shaft and drop 1 floor!
   853 | D:2      | You fall into a shaft and drop 2 floors!
   925 | D:4      | Reached skill level 1 in Fighting
   925 | D:4      | Reached skill level 1 in Short Blades
   925 | D:4      | Reached skill level 1 in Long Blades
   925 | D:4      | Reached skill level 1 in Axes
   925 | D:4      | Reached skill level 1 in Maces & Flails
   925 | D:4      | Reached skill level 1 in Polearms
   925 | D:4      | Reached skill level 1 in Staves
   925 | D:4      | Reached skill level 1 in Slings
   925 | D:4      | Reached skill level 1 in Bows
   925 | D:4      | Reached skill level 1 in Crossbows
   925 | D:4      | Reached skill level 1 in Throwing
   925 | D:4      | Reached skill level 1 in Armour
   925 | D:4      | Reached skill level 1 in Shields
   925 | D:4      | Reached skill level 1 in Unarmed Combat
   925 | D:4      | Reached skill level 1 in Invocations
   925 | D:4      | Reached skill level 1 in Evocations
  1067 | D:4      | Noticed a scorpion
  1193 | D:4      | HP: 1/26 [poisoned by a scorpion]
  1193 | D:4      | Slain by a scorpion

Illustrated notes

Levels and vault maps discovered:
D:1:      minmay_arrival_plants_in_alcoves, layout_loops_cross
D:2:      layout_rooms, cheibriados_altar_1, chequers_serial_rivers_small_a
D:4:      layout_cave_pods, lemuel_round_altar, lemuel_doored_altar

Skill      XL: |  1  2  3 |
---------------+----------+-----
Conjurations   | 2 |  2.1
Summonings     | 2 |  2.1
Translocations | 2 |  2.1
Fighting       | 1 |  1.0
Short Blades   | 1 |  1.0
Long Blades    | 1 |  1.0
Axes           | 1 |  1.0
Maces & Flails | 1 |  1.0
Polearms       | 1 |  1.0
Staves         | 1 |  1.0
Slings         | 1 |  1.0
Bows           | 1 |  1.0
Crossbows      | 1 |  1.0
Throwing       | 1 |  1.0
Armour         | 1 |  1.0
Shields        | 1 |  1.0
Unarmed Combat | 1 |  1.0
Invocations    | 1 |  1.0
Evocations     | 1 |  1.0
Dodging        | |  4.6
Stealth        | |  4.2
Spellcasting   | |  7.1
Hexes          | |  0.7
Necromancy     | |  0.7
Transmutations | |  0.7
Fire Magic     | |  0.7
Ice Magic      | |  0.7
Air Magic      | |  0.7
Earth Magic    | |  0.7
Poison Magic   | |  0.7

Action                   || total
-------------------------++-------
Melee: Dagger            ||     8
       Bite              ||     1
 Cast: Magic Dart        ||    47
       Call Imp          ||     5
       Blink             ||     4
Armor: Robe              ||     3
Dodge: Dodged            ||    13

Table legend: (Time is in decaauts)
 A = Elapsed time spent in this place.
 B = Non-inter-level travel time spent in this place.
 C = Inter-level travel time spent in this place.
 D = Time resting spent in this place.
 E = Time spent auto-exploring this place.
 F = Levels seen in this place.
 G = Mean time per level.
                   A        B        C        D        E       F      G
               +--------+--------+--------+--------+--------+-----+--------+
         Total |   1192 |   1149 |     43 |    330 |    672 |   3 |  397.3 |
       Dungeon |   1192 |   1149 |     43 |    330 |    672 |   3 |  397.3 |
               +--------+--------+--------+--------+--------+-----+--------+

Top non-repeatable levels by time:
     D:1: 845 daAuts
     D:4: 339 daAuts
     D:2: 6 daAuts
